 Dungeon Crawl Stone Soup version 0.23.2-33-g5129a83184 (webtiles) character file.

Game seed: 16034836940657691193

27556 dvd the Cleaver (level 13, 0/114 HPs)
             Began as a Minotaur Fighter on June 27, 2019.
             Was a High Priest of Makhleb.
             Slain by Jorgrun
             ... wielding a +0 quarterstaff of crushing
              (1 damage)
             ... on level 12 of the Dungeon.
             The game lasted 00:34:38 (14305 turns).

dvd the Cleaver (Minotaur Fighter)                 Turns: 14305, Time: 00:34:38

Health: 0/114      AC: 27    Str: 22    XL:     13   Next: 5%
Magic:  14/14      EV:  7    Int:  5    God:    Makhleb [*****.]
Gold:   1661       SH: 12    Dex: 16    Spells: 12/12 levels left

rFire    . . .     SeeInvis .   r - +9 staff of Olgreb {rPois}
rCold    . . .     Gourm    +   c - +0 shield
rNeg     . . .     Faith    .   y - +10 plate armour {ponderous}
rPois    ∞         Spirit   .   e - +0 hat
rElec    .         Reflect  .   (no cloak)
rCorr    .         Harm     .   F - +1 pair of gloves
MR       +....                  (no boots)
Stlth    ..........             g - amulet of the gourmand
HPRegen  0.29/turn              t - ring of stealth
MPRegen  0.14/turn              x - +2 ring of dexterity

@: grasped by roots, constricted, slow
A: retaliatory headbutt, horns 2, magic resistance 1, sturdy frame 1
a: Minor Destruction, Lesser Servant of Makhleb, Major Destruction, Greater
Servant of Makhleb, Renounce Religion


You were on level 12 of the Dungeon.
You worshipped Makhleb.
Makhleb was extremely pleased with you.
You were completely stuffed.

You visited 3 branches of the dungeon, and saw 15 of its levels.

You collected 1797 gold pieces.
You spent 136 gold pieces at shops.

Inventory:

Hand Weapons
 a - a +6 war axe of chopping
 b - a +2 flail of protection
 j - a +3 war axe
 k - a +2 hand axe of draining
 m - a +2 whip of electrocution
 o - a +4 dire flail of venom
 r - the +9 staff of Olgreb (weapon) {rPois}
   (You found it on level 10 of the Dungeon)

   It protects you from poison.
 B - a +0 hand crossbow
 H - a +4 whip
 M - a +2 flail of holy wrath
Missiles
 n - 7 tomahawks (quivered)
Armour
 c - a +0 shield (worn)
 e - a +0 hat (worn)
 y - a +10 plate armour of ponderousness (worn)
 F - a +1 pair of gloves (worn)
Jewellery
 g - an amulet of the gourmand (around neck)
 t - a ring of stealth (left hand)
 x - a +2 ring of dexterity (right hand)
 z - an uncursed ring of fire
 D - an uncursed amulet of guardian spirit
Wands
 d - a wand of acid (8)
 s - a wand of digging (7)
 C - a wand of iceblast (18)
Scrolls
 h - 12 scrolls of identify
 l - a scroll of fog
 p - 5 scrolls of remove curse
 u - 4 scrolls of amnesia
Potions
 q - a potion of mutation
 v - a potion of curing
 w - a potion of brilliance
 A - a potion of cancellation
 G - 3 potions of flight
Miscellaneous
 i - a phantom mirror
Comestibles
 f - 14 rations
 E - 9 chunks of flesh


   Skills:
 + Level 10.7 Fighting
 + Level 13.0(13.8) Axes
 + Level 8.3(11.7) Maces & Flails
 + Level 7.3 Throwing
 + Level 11.5 Armour
 + Level 5.2 Dodging
 + Level 2.6 Stealth
 + Level 10.4 Shields
 * Level 3.9 Invocations
 + Level 1.0 Evocations


You had 12 spell levels left.
You didn't know any spells.
Your spell library contained the following spells:

 Spells                   Type           Power        Failure   Level  Hunger
 Animate Skeleton         Necr           N/A          100%        1    ##.....
 Beastly Appendage        Tmut           #.....       100%        1    ##.....
 Magic Dart               Conj           #...         100%        1    ##.....
 Pain                     Necr           #...         100%        1    ##.....
 Summon Butterflies       Summ           #.......     100%        1    ##.....
 Blink                    Tloc           N/A          100%        2    ###....
 Call Imp                 Summ           #.......     100%        2    ###....
 Slow                     Hex            #.......     100%        2    ###....
 Sticks to Snakes         Tmut           #.......     100%        2    ###....
 Call Canine Familiar     Summ           #.......     100%        3    ####...
 Conjure Flame            Conj/Fire      #.......     100%        3    ####...
 Mephitic Cloud           Conj/Pois/Air  #.......     100%        3    ####...
 Regeneration             Chrm/Necr      #.........   100%        3    ####...
 Spider Form              Tmut/Pois      #.........   100%        3    ####...
 Vampiric Draining        Necr           #.........   100%        3    ####...
 Animate Dead             Necr           N/A          100%        4    #####..
 Ice Form                 Ice/Tmut       #.......     100%        4    #####..
 Summon Ice Beast         Ice/Summ       #.......     100%        4    #####..
 Blade Hands              Tmut           #.........   100%        5    ######.
 Summon Mana Viper        Hex/Summ       #.......     100%        5    ######.
 Summon Hydra             Summ           #.........   100%        7    #######


Dungeon Overview and Level Annotations

Branches:
Dungeon (12/15)            Temple (1/1) D:6            Lair (0/6) D:11
    Orc (2/2) D:10            Elf (0/3) Orc:2

Altars:
Ashenzari
Cheibriados
Dithmenos
Elyvilon
Fedhas
Gozag
Hepliaklqana
Kikubaaqudgha
Makhleb
Nemelex Xobeh
Okawaru
Qazlal
Ru
Sif Muna
Trog
Uskayaw
Vehumet
Wu Jian
Xom
Yredelemnul
Zin
The Shining One
Jiyva

Shops:
D:5 *   D:10 (   D:11 *   Orc:1 :

Annotations:
D:10 1 runed translucent door
D:12 1 runed translucent door, Jorgrun


Innate Abilities, Weirdness & Mutations

You reflexively headbutt those who attack you in melee.
You have a pair of horns on your head.
You are resistant to hostile enchantments. (MR+)
Your movements are slightly less encumbered by armour. (ER -2)


Message History

Unknown command.
Unknown command.
You feel much better. You block the gnoll sergeant's attack.
You block Jorgrun's attack.
* * * LOW HITPOINT WARNING * * *
The grasping roots constrict you. The gnoll hits you but does no damage.
A bullfrog comes into view.
Unknown command.
Unknown command.
Wield which item (- for none, * to show all)? (? for menu, Esc to quit)
You smell chlorine.
r - the +9 staff of Olgreb (weapon)
{rPois} The bullfrog gives a loud, deep croak!
The gnoll sergeant hits you but does no damage.
Space bends around you.
* * * LOW HITPOINT WARNING * * *
Jorgrun gestures at you while chanting. The iron shot hits you!!
* * * LOW HITPOINT WARNING * * *
You die...

..#.# ###.#
##..#.#.#F#. ....#
##...........
#####.. #
##............
#......
..#.............
#.....#
..........g.....
#....##
.........gg..
#....# .......†gg#
#..### #..###@##
#### #..#....# #
..#.##.# # #...# .#
# #.#.# .# #. .
#.#..# .##.. .#
#.##..##...... ..
#########..........
#
..................


You could see Jorgrun, a gnoll sergeant, a bullfrog and 3 gnolls.

Vanquished Creatures
  An orc warlord (Orc:2)
  Josephine (D:12)
  Erolcha (D:10)
  Harold (D:7)
  3 two-headed ogres
  2 orc high priests (Orc:2)
  Sonja (D:10)
  Nergalle (D:10)
  2 cyclopes (D:11)
  5 orc sorcerers (Orc:2)
  2 orc knights (Orc:2)
  2 ugly things
  Joseph (D:8)
  A gargoyle (D:12)
  A komodo dragon (D:11)
  5 trolls
  A hornet (D:12)
  2 hippogriffs
  A meliai zombie (D:11)
  Sigmund (D:2)
  A spriggan (D:8)
  2 shadows
  3 wraiths (D:12)
  A wyvern (D:12)
  A vampire (D:11)
  20 yaks
  A steam dragon (D:9)
  6 soldier ants (D:10)
  A warg (Orc:1)
  4 water moccasins
  7 ice beasts
  26 orc warriors
  A sky beast (D:11)
  An eye of draining (D:11)
  6 ogres
  A necrophage (D:12)
  A phantom (D:11)
  5 bullfrogs
  2 big kobolds
  A gnoll sergeant (D:6)
  A water moccasin skeleton (D:7)
  15 killer bees
  3 wights (D:9)
  2 crimson imps
  A bullfrog zombie (D:11)
  A quasit (D:8)
  A centaur skeleton (D:11)
  A centaur zombie (D:9)
  2 hounds
  19 orc priests
  A jelly (D:9)
  21 orc wizards
  4 iguanas
  Jessica (D:3)
  A bullfrog skeleton (D:12)
  13 worker ants
  10 gnolls
  A worker ant zombie (D:7)
  12 adders
  3 shadow imps
  An ooze (D:6)
  A worm (D:2)
  3 dart slugs
  6 leopard geckos
  65 orcs
  4 giant cockroaches
  11 goblins
  6 hobgoblins
  12 jackals
  34 kobolds
  4 quokkas
  A ball python (D:3)
  6 bats
  2 frilled lizards
  A giant cockroach zombie (D:6)
  9 rats
  A plant (D:1)
406 creatures vanquished.

Vanquished Creatures (others)
  A wizard (D:6)
  An orc (D:11)
2 creatures vanquished.

Grand Total: 408 creatures vanquished

Notes
Turn   | Place    | Note
-------+----------+-------------------------------------------
     0 | D:1      | dvd the Minotaur Fighter began the quest for the Orb.
     0 | D:1      | Reached XP level 1. HP: 19/19 MP: 0/0
   154 | D:1      | Reached XP level 2. HP: 27/27 MP: 1/1
   750 | D:2      | Reached XP level 3. HP: 27/33 MP: 2/2
   906 | D:2      | Reached skill level 3 in Axes
   934 | D:2      | Found a white marble altar of Elyvilon.
  1014 | D:2      | Noticed Sigmund
  1031 | D:2      | Killed Sigmund
  1031 | D:2      | Reached skill level 4 in Axes
  1031 | D:2      | Reached skill level 1 in Dodging
  1031 | D:2      | Reached XP level 4. HP: 29/41 MP: 3/3
  1031 | D:2      | Reached XP level 5. HP: 33/47 MP: 4/4
  1241 | D:2      | Found a stormy altar of Qazlal.
  1503 | D:3      | Noticed Jessica
  1509 | D:3      | Killed Jessica
  1509 | D:3      | Reached skill level 5 in Axes
  1572 | D:3      | Reached XP level 6. HP: 53/53 MP: 5/5
  1662 | D:3      | Found a radiant altar of Vehumet.
  2325 | D:4      | Reached skill level 5 in Armour
  2350 | D:4      | Found a hide-covered altar of Uskayaw.
  2521 | D:4      | Reached skill level 5 in Shields
  2859 | D:4      | Found a shadowy altar of Dithmenos.
  3164 | D:5      | Entered Level 5 of the Dungeon
  3492 | D:5      | Found Gozag's Platinum Reserve.
  3499 | D:5      | Found an opulent altar of Gozag.
  3698 | D:5      | Noticed an ice beast
  3707 | D:5      | Killed an ice beast
  3707 | D:5      | Reached skill level 1 in Maces & Flails
  3707 | D:5      | Reached XP level 7. HP: 32/60 MP: 6/6
  3877 | D:5      | Found a shimmering altar of Xom.
  4034 | D:6      | Found a staircase to the Ecumenical Temple.
  4048 | D:6      | Reached skill level 6 in Axes
  4055 | Temple   | Entered the Ecumenical Temple
  4117 | Temple   | Became a worshipper of Makhleb the Destroyer
  4156 | D:6      | Found an ornate altar of the Wu Jian Council.
  4421 | D:7      | Noticed Harold
  4700 | D:6      | Found an iron altar of Okawaru.
  4731 | D:7      | Reached skill level 5 in Fighting
  4771 | D:7      | Killed Harold
  4771 | D:7      | Reached skill level 7 in Axes
  4771 | D:7      | Reached skill level 1 in Throwing
  4771 | D:7      | Reached XP level 8. HP: 50/69 MP: 7/7
  5663 | D:6      | Found a bloodstained altar of Trog.
  5664 | D:6      | Noticed a wizard
  5670 | D:6      | Killed a wizard
  5887 | D:6      | Found a glowing silver altar of Zin.
  6309 | D:8      | Reached XP level 9. HP: 75/75 MP: 8/8
  6368 | D:8      | Noticed Joseph
  6370 | D:8      | Reached skill level 1 in Stealth
  6379 | D:8      | Killed Joseph
  6379 | D:8      | Reached skill level 8 in Axes
  6489 | D:8      | Reached * piety under Makhleb
  6770 | D:8      | Found a bloodstained altar of Trog.
  6771 | D:8      | Found a deep blue altar of Sif Muna.
  7027 | D:9      | Reached skill level 5 in Maces & Flails
  7059 | D:9      | HP: 3/78 [yak (11)]
  7060 | D:9      | Reached XP level 10. HP: 4/84 MP: 9/9
  7504 | D:9      | Noticed a two-headed ogre
  7519 | D:9      | Killed a two-headed ogre
  7802 | D:9      | Reached ** piety under Makhleb
  8239 | D:10     | Entered Level 10 of the Dungeon
  8239 | D:10     | Noticed Erolcha
  8249 | D:10     | Killed Erolcha
  8366 | D:10     | Found the +9 staff of Olgreb {rPois}
  8368 | D:10     | Found a runed translucent door.
  8373 | D:10     | Found a runed translucent gate.
  8373 | D:10     | Found a runed translucent gate.
  8374 | D:10     | Found a runed translucent door.
  8384 | D:10     | Found a runed translucent gate.
  8653 | D:10     | Reached skill level 5 in Throwing
  8786 | D:10     | Found Forus's Antique Weapon Shoppe.
  8789 | D:10     | Bought a runed war axe for 136 gold pieces
  8801 | D:10     | Found a staircase to the Orcish Mines.
  8810 | D:10     | Noticed Nergalle
  9167 | D:10     | Noticed Sonja
  9174 | D:10     | Killed Sonja
  9174 | D:10     | Reached skill level 9 in Axes
  9174 | D:10     | Reached XP level 11. HP: 78/94 MP: 10/10
  9287 | D:10     | Gained mutation: Armour fits poorly on your strangely
                  | shaped body. [potion of mutation]
  9287 | D:10     | Gained mutation: Your flesh is cold resistant. (rC+)
                  | [potion of mutation]
  9291 | D:10     | Killed Nergalle
  9348 | D:10     | Identified a scroll of acquirement
  9362 | D:10     | Lost mutation: Armour fits poorly on your strangely shaped
                  | body. [potion of mutation]
  9362 | D:10     | Lost mutation: Your flesh is cold resistant. (rC+) [potion
                  | of mutation]
  9362 | D:10     | Gained mutation: Your movements are slightly less
                  | encumbered by armour. (ER -2) [potion of mutation]
  9362 | D:10     | Gained mutation: You are resistant to hostile enchantments.
                  | (MR+) [potion of mutation]
  9648 | D:10     | Reached skill level 10 in Armour
  9923 | D:11     | Reached *** piety under Makhleb
  9965 | D:11     | HP: 3/95 [orc warrior/+0 battleaxe (19)]
 10355 | D:11     | Reached skill level 10 in Axes
 10360 | D:11     | Noticed a two-headed ogre
 10797 | D:11     | Reached **** piety under Makhleb
 10806 | D:11     | Reached skill level 1 in Evocations
 10863 | D:11     | Killed a two-headed ogre
 10863 | D:11     | Reached skill level 5 in Dodging
 10969 | D:11     | Noticed a red ugly thing
 10976 | D:11     | Killed a red ugly thing
 10992 | D:11     | Found Eblyfod's Assorted Antiques.
 11361 | Orc:1    | Entered Level 1 of the Orcish Mines
 11528 | Orc:1    | Reached skill level 11 in Axes
 11564 | Orc:1    | Found Plog's Book Emporium.
 11657 | Orc:1    | Reached XP level 12. HP: 106/106 MP: 11/11
 11785 | Orc:2    | Entered Level 2 of the Orcish Mines
 11785 | Orc:2    | Found a staircase to the Elven Halls.
 11833 | Orc:2    | Reached skill level 10 in Fighting
 11994 | Orc:2    | Reached ***** piety under Makhleb
 12124 | Orc:2    | Reached skill level 10 in Shields
 12568 | Orc:2    | Noticed an orc high priest
 12577 | Orc:2    | Killed an orc high priest
 12577 | Orc:2    | Reached skill level 12 in Axes
 12591 | Orc:2    | Noticed an orc high priest
 12594 | Orc:2    | Noticed an orc warlord
 12600 | Orc:2    | Reached skill level 1 in Invocations
 12732 | Orc:2    | Killed an orc warlord
 13152 | Orc:2    | Killed an orc high priest
 13196 | Orc:2    | Noticed an orc high priest
 13202 | Orc:2    | Noticed an orc high priest
 13634 | D:11     | Found a staircase to the Lair.
 13774 | D:12     | Found a runed translucent door.
 13983 | D:12     | Noticed Josephine
 13994 | D:12     | Killed Josephine
 14180 | D:12     | Noticed a two-headed ogre
 14183 | D:12     | Killed a two-headed ogre
 14183 | D:12     | Reached skill level 13 in Axes
 14183 | D:12     | Reached XP level 13. HP: 114/114 MP: 14/14
 14282 | D:12     | Noticed Jorgrun
 14305 | D:12     | HP: 1/114 [Jorgrun/iron shot (28)]
 14305 | D:12     | Slain by Jorgrun

Skill      XL: |  1  2  3  4  5  6  7  8  9 10 11 12 |
---------------+-------------------------------------+-----
Armour         | 4 5 7 8 9 10 11 | 11.5
Fighting       | 4 5 6 8 9 10 | 10.7
Shields        | 4 5 6 7 9 10 | 10.4
Axes           | 4 5 7 8 9 11 13 | 13.0
Dodging        | 1 2 3 4 5 |  5.2
Maces & Flails | 1 3 5 8 |  8.3
Throwing       | 1 3 5 7 |  7.3
Stealth        | 1 2 |  2.6
Evocations     | 1 |  1.0
Invocations    | 3 |  3.9

Action                   |  1- 3 |  4- 6 |  7- 9 | 10-12 | 13-15 || total
-------------------------+-------+-------+-------+-------+-------++-------
Melee: War axe           |   113 |    83 |    56 |   429 |    14 ||   695
       Headbutt          |    22 |    29 |    53 |   123 |     2 ||   229
       Whip              |       |    52 |   150 |   157 |       ||   359
Throw: Tomahawk          |       |       |    27 |   127 |       ||   154
Evoke: Wand              |       |       |       |     9 |       ||     9
  Use: Scroll            |       |     3 |     2 |    19 |       ||    24
       Potion            |       |       |     6 |    13 |     1 ||    20
 Stab: Distracted        |       |       |       |     1 |       ||     1
       Sleeping          |       |       |       |     1 |       ||     1
       Invisible         |       |       |       |    10 |       ||    10
  Eat: Chunk             |    15 |     9 |    12 |    23 |     1 ||    60
Armor: Scale mail        |    49 |    60 |    68 |    21 |       ||   198
       Chain mail        |       |       |       |    98 |       ||    98
       Plate armour      |       |       |       |    71 |    26 ||    97
Dodge: Dodged            |    25 |    30 |    53 |   184 |     5 ||   297
Block: Shield            |    52 |    56 |    93 |   327 |    15 ||   543
